 Dungeon Crawl Stone Soup version 0.17-a0-1110-g19bd574 (console) character file.

43 Monkaria the Skirmisher (level 3, -3/30 HPs)
             Began as a Demonspawn Chaos Knight on May 22, 2015.
             Slain by an adder (5 damage)
             ... on level 1 of the Dungeon.
             The game lasted 00:01:45 (744 turns).

Monkaria the Skirmisher (Demonspawn Chaos Knight)    Turns: 744, Time: 00:01:45

Health: -3/30      AC:  5    Str: 11    XL:     3   Next: 37%
Magic:  3/3        EV: 11    Int: 13    God:    Xom [..*...]
Gold:   17         SH:  0    Dex: 14    Spells: 0 memorised, 2 levels left

rFire  . . .     SeeInvis .     a - +0 falchion (chaos)
rCold  . . .     Clarity  .     b - +2 leather armour
rNeg   . . .     SustAt   .     (no shield)
rPois  .         Gourm    .     (helmet restricted)
rElec  .         Spirit   .     (no cloak)
rCorr  .         Warding  .     (no gloves)
rMut   .         Stasis   .     (no boots)
MR     .....                    (no amulet)
Stlth  +.........               (no ring)
                                (no ring)

@: lethally poisoned (-3 -> -12), not resistant to hostile enchantments, very
unstealthy
A: antennae 1, agile 1, powered by death 1, weak 1
a: Renounce Religion


You were on level 1 of the Dungeon.
You worshipped Xom.
You were a toy of Xom.
You were not hungry.

You visited 1 branch of the dungeon, and saw 2 of its levels.

You collected 17 gold pieces.

Inventory:

Hand weapons
 a - a +0 falchion of chaos (weapon)
Missiles
 i - 8 tomahawks (quivered)
 m - 9 poisoned needles
 n - a throwing net
Armour
 b - a +2 leather armour (worn)
 d - a +2 chain mail of poison resistance
Jewellery
 q - an uncursed ring of ice
Scrolls
 e - a scroll of fear {unknown}
 g - a scroll of teleportation {unknown}
 j - a scroll of recharging {unknown}
 p - a scroll of identify {unknown}
Potions
 l - a potion of cancellation {unknown}
Comestibles
 c - a bread ration
 h - a beef jerky
 k - a royal jelly
 o - 3 fruits


   Skills:
 - Level 4.0 Fighting
 + Level 3.2 Long Blades
 - Level 1.7 Armour
 - Level 0.8 Dodging


You had 2 spell levels left.
You didn't know any spells.

Dungeon Overview and Level Annotations

Branches:
Dungeon (2/15)

Altars:


Innate Abilities, Weirdness & Mutations

You have a pair of small antennae on your head.
You can steal the life force of nearby defeated enemies.
You are agile. (Dex +2)
You are weak. (Str -2)


Message History

The adder bites you but does no damage. The goblin barely misses you.
The adder barely misses you.
There is a stone staircase leading up here.
You feel sick. The adder bites you. The adder bites you!
* * * LOW HITPOINT WARNING * * *
You are lethally poisoned!
The adder poisons you!
You climb upwards.
* * * LOW HITPOINT WARNING * * *
You feel sick.
There is a stone staircase leading down here.
Drink which item? (? for menu, Esc to quit)
It was a potion of mutation.
You feel extremely strange.
You feel weaker.
You feel agile.
Xom roars with laughter!
* * * LOW HITPOINT WARNING * * *
You feel sick. The adder bites you.
* * * LOW HITPOINT WARNING * * *
The adder bites you.
You die...

#.# ##...## #.#####
#.# ##..# #.#
#.#######..####.#
#.##......รท.....#
#.##.####..######
#.##.# #..# #.##.#
#..#####
#....####S.....#
#.......@..###.#
#################.##
#.#
..................#
#.#
###################
#.# #.#
################.#
#....[.......>...#
#.################
#######.#


You could see an adder (berserk).

Vanquished Creatures
  A gnoll (D:1)
  A worm (D:1)
  3 giant cockroaches (D:1)
  4 goblins (D:1)
  3 hobgoblins (D:1)
  3 jackals (D:1)
  7 bats (D:1)
  A giant newt (D:1)
  3 kobolds (D:1)
  3 rats (D:1)
29 creatures vanquished.

Notes
Turn   | Place    | Note
--------------------------------------------------------------
     0 | D:1      | Monkaria the Demonspawn Chaos Knight began the quest for the Orb.
     0 | D:1      | Reached XP level 1. HP: 18/18 MP: 1/1
    39 | D:1      | XOM: potion effect (agility)
    42 | D:1      | XOM: harmless Chrm miscast
    45 | D:1      | XOM: potion effect (invisibility)
    81 | D:1      | Gained mutation: You have a pair of small antennae on your head. [demonic ancestry]
    81 | D:1      | Reached XP level 2. HP: 24/24 MP: 2/2
   151 | D:1      | XOM: harmless Fire miscast
   288 | D:1      | Reached skill level 4 in Fighting
   371 | D:1      | Gained mutation: You can steal the life force of nearby defeated enemies. [demonic ancestry]
   371 | D:1      | Reached XP level 3. HP: 26/30 MP: 3/3
   744 | D:1      | Gained mutation: You are weak. (Str -2) [potion of mutation]
   744 | D:1      | Gained mutation: You are agile. (Dex +2) [potion of mutation]
   744 | D:1      | Slain by an adder

Vault maps used:
D:1:      evilmike_arrival_run_for_it

Action                   || total
-------------------------++-------
Melee: Falchion          ||    94
  Use: Potion            ||     1
 Stab: Invisible         ||     2
       Sleeping          ||     1
